Map: Acropolis LE

Players

Mez

  • Race: Terran Terran
  • League: Master
  • Spawn Location: 11:00

A.I. 1 (Very Easy) - Winner!

  • Race: Terran Terran
  • Spawn Location: 5:00

VOD

Have the link to the VOD?

Description

Time

  • Played on: Aug. 26, 2019, 6:08 p.m.
  • Length: 9:56
Show
View Real Time Build Order
Export as new Build Order

Mez Terran 

Build Orders: Liberator Opening, Reaper Expand 

Get SALT Encoding   

  12  0:01  SCV  
  13  0:13  SCV  
  14  0:17  Supply Depot  
  14  0:25  SCV  
  15  0:39  SCV  
  15  0:40  Barracks  
  16  0:45  Refinery  
  16  0:51  SCV  
  17  1:03  SCV  
  18  1:15  SCV  
  19  1:29  Orbital Command, Reaper  
  20  1:40  Command Center  
  20  1:48  Supply Depot  
  20  1:55  SCV  
  20  2:00  Marine  
  22  2:07  SCV  
  23  2:11  Factory  
  23  2:16  Refinery  
  23  2:19  SCV  
  24  2:24  Barracks Reactor  
  24  2:31  SCV  
  25  2:43  SCV  
  26  2:53  Orbital Command  
  26  2:56  SCV  
  26  2:58  Starport  
  27  3:04  Hellion x2  
  31  3:08  Barracks Tech Lab  
  31  3:10  SCV  
  31  3:12  Supply Depot  
  32  3:19  Liberator, SCV  
  33  3:22  SCV  
  33  3:25  Hellion  
  33  3:26  Hellion  
  38  3:31  SCV  
  40  3:34  SCV  
  40  3:41  Marine  
  44  3:47  Hellion x2  
  48  3:49  SCV x2  
  48  3:54  Supply Depot  
  50  3:56  Stimpack  
  50  3:59  Marine  
  50  4:01  SCV x2  
  53  4:13  SCV  
  53  4:16  SCV  
  55  4:24  Command Center  
  55  4:25  SCV  
  55  4:30  Barracks  
  56  4:34  Barracks  
  56  4:35  Starport Reactor, Factory Reactor  
  56  4:37  Marine  
  57  4:38  SCV x2  
  59  4:48  Supply Depot  
  59  4:50  SCV x2  
  61  4:55  Marine  
  61  4:56  Engineering Bay  
  61  4:59  Engineering Bay  
  62  5:05  Refinery  
  62  5:07  Refinery  
  62  5:10  SCV x2  
  64  5:16  Marine  
  64  5:19  Factory Tech Lab  
  65  5:22  SCV x2  
  65  5:26  Terran Infantry Armor Level 1, Terran Infantry Weapons Level 1  
  65  5:27  Marine x2  
  69  5:33  Marine  
  69  5:35  Marine x2, Orbital Command, Medivac x2  
  76  5:44  Combat Shield, Supply Depot  
  76  5:45  Marine x2  
  76  5:47  Siege Tank  
  81  5:55  Orbital Command  
  81  5:58  Barracks  
  81  6:00  SCV x2, Barracks  
  81  6:01  Marine x2  
  85  6:05  Marine  
  86  6:18  Armory  
  86  6:19  Marine x4, Supply Depot  
  86  6:21  SCV  
  86  6:22  SCV  
  86  6:23  SCV  
  93  6:40  Marine x3, Siege Tank, SCV x2  
  101  6:48  Supply Depot, Barracks Reactor x2  
  101  6:49  Supply Depot  
  101  7:10  Marine x5, SCV x3, Medivac x2  
  101  7:12  Supply Depot  
  101  7:14  Supply Depot  
  113  7:17  Siege Tank  
  113  7:21  Terran Infantry Armor Level 2, Terran Infantry Weapons Level 2  
  113  7:22  SCV  
  117  7:33  Refinery  
  117  7:34  Marine x6, SCV x2, Refinery  
  117  7:35  Marine x3, SCV  
  117  7:36  Factory  
  129  7:46  SCV x2  
  129  7:47  SCV  
  129  7:50  Command Center, Supply Depot  
  132  7:51  Marine  
  132  7:56  Supply Depot  
  133  8:11  Marine x2  
  133  8:12  Marine x4, Siege Tank, SCV x3, Medivac x2  
  149  8:14  Supply Depot  
  149  8:17  Marine x3  
  149  8:19  Supply Depot  
  152  8:22  Factory Reactor  
  152  8:25  Drilling Claws  
  152  8:27  SCV x2  
  152  8:30  Marine x3  
  157  8:35  Marine x3  
  160  8:43  Barracks x2  
  160  8:44  Barracks, Widow Mine  
  160  8:46  Marine x3  
  160  8:47  Marine, Medivac x2  
  170  8:58  Marine x3  
  170  9:01  Marine x2  
  175  9:04  Marine  
  175  9:05  Siege Tank  
  175  9:06  Supply Depot x2, Widow Mine  
  175  9:07  Widow Mine  
  183  9:11  Marine x3  
  183  9:16  Marine  
  187  9:28  Widow Mine x2  
  191  9:32  Marine x5  
  191  9:34  Barracks Tech Lab x3  
  191  9:36  Refinery  
  200  9:40  Starport x2, Refinery  
  200  9:43  Fusion Core  
Show
View Real Time Build Order
Export as new Build Order

A.I. 1 (Very Easy) Terran - Winner!

Build Orders:  

Get SALT Encoding   

  12  0:00  SCV  
  13  0:13  SCV  
  14  0:17  Supply Depot  
  14  0:37  Refinery  
  14  0:42  Barracks  
  14  1:03  Supply Depot  
  14  1:12  Refinery  
  14  1:30  Marine, Orbital Command  
  15  1:49  Barracks Tech Lab  
  15  1:55  SCV  
  16  2:07  SCV  
  17  2:11  Marine  
  18  2:19  SCV  
  19  2:32  SCV  
  20  2:44  SCV  
  21  2:53  Marauder  
  21  2:56  SCV  
  24  4:20  SCV  
  24  6:23  SCV  
  24  6:24  Marine  
  26  6:26  Supply Depot  
  26  6:28  Factory  
  24  6:35  Command Center, SCV  
  25  6:47  SCV  
  25  6:49  Supply Depot  
  24  6:59  Marine, SCV  
  25  7:11  SCV  
  26  7:17  Starport  
  26  7:33  Marine  
  27  7:48  SCV  
  28  7:55  SCV  
  28  7:57  Refinery, Starport Tech Lab  
  29  8:01  Refinery  
  29  8:02  SCV  
  30  8:08  Marauder  
  30  8:09  SCV  
  33  8:16  SCV, Raven  
  36  8:24  SCV  
  37  8:31  SCV  
  38  8:38  SCV  
  39  8:42  Marine  
  39  8:45  SCV  
  41  8:53  SCV  
  42  8:59  Raven  
  42  9:00  SCV  
  45  9:07  SCV  
  46  9:14  SCV  
  46  9:16  Marine  
  48  9:21  SCV  
  49  9:28  SCV  
  50  9:36  SCV  
Tags
 
Add a new tag
Caveats
  • Supply blocks, unpowered buildings, or Contaminate may cause inaccurate times.
  • Supply counts are checked every 10 seconds.